 Seeded DCSS version 0.30-a0-364-gf6b3ef1049 (webtiles) character file.

Game seed: 13852480795907283700 (custom seed)

1652 purpskrrrp the Skirmisher (level 9, 0/48 HPs)
             Began as a Kobold Hunter on Nov 15, 2022.
             Was a Follower of Dithmenos.
             Killed by an exploding Duvessa (33 damage)
             ... ignited by their inner flame
             ... on level 7 of the Dungeon.
             The game lasted 00:12:31 (6393 turns).

purpskrrrp the Skirmisher (Kobold Hunter)           Turns: 6393, Time: 00:12:32

Health: 0/48       AC:  6    Str:  8    XL:     9   Next: 19%
Magic:  9/9        EV: 19    Int: 11    God:    Dithmenos [*.....]
Gold:   448        SH:  0    Dex: 22    Spells: 8/8 levels left

rFire   . . .      SeeInvis .    h - +5 arbalest (vorpal)
rCold   . . .      Faith    .    (shield currently unavailable)
rNeg    . . .      Spirit   .    t - +0 steam dragon scales
rPois   .          Reflect  .    r - +0 helmet
rElec   .          Harm     .    (no cloak)
rCorr   .          Rampage  .    (no gloves)
Will    .....                    (no boots)
Stlth   ++++++....               (no amulet)
HPRegen 0.28/turn                (no ring)
MPRegen 0.11/turn                (no ring)

@: wreathed by umbra
A: small, no large weapons, nightstalker 3
a: Renounce Religion


You were on level 7 of the Dungeon.
You worshipped Dithmenos.
Dithmenos was aware of your devotion.
You visited 2 branches of the dungeon, and saw 8 of its levels.
You also visited: Sewer.

You collected 448 gold pieces.

Inventory:

Hand Weapons
 a - a +0 shortbow
 h - a +5 vorpal arbalest (weapon)
Armour
 c - a +0 leather armour
 r - a +0 helmet (worn)
 t - +0 steam dragon scales (worn)
Wands
 d - a wand of flame (38)
 e - a wand of acid (9)
 w - a wand of digging (3)
Scrolls
 i - 3 scrolls of amnesia
 m - 2 scrolls of teleportation
 n - 2 scrolls of butterflies
 o - a scroll of silence {unknown}
 s - a scroll of noise
 v - 3 scrolls of identify
Potions
 f - 2 potions of attraction
 g - 2 potions of magic
 j - a potion of lignification {unknown}
 k - 3 potions of flight
 l - a potion of invisibility {unknown}
 p - 2 potions of brilliance
 q - 2 potions of curing {unknown}
 u - 2 potions of heal wounds
 x - a potion of might {unknown}


   Skills:
 - Level 2.1 Fighting
 * Level 12.8 Ranged Weapons
 + Level 5.8 Dodging
 + Level 6.4 Stealth


You had 8 spell levels left.
You didn't know any spells.
Your spell library contained the following spells:

 Spells                   Type           Power      Damage    Failure   Level
 Apportation              Tloc           0%         N/A       34%         1
 Beastly Appendage        Tmut           0%         N/A       34%         1
 Necrotise                Necr           0%         1d4       34%         1
 Sandblast                Erth           0%         2d4       34%         1
 Summon Small Mammal      Summ           0%         N/A       34%         1
 Cigotuvi's Dreadful Rot  Necr/Pois/Air  0%         N/A       47%         2
 Passwall                 Tmut/Erth      0%         N/A       47%         2
 Wereblood                Tmut           0%         N/A       47%         2
 Dazzling Flash           Conj/Hex       0%         N/A       71%         3
 Spider Form              Tmut/Pois      0%         N/A       71%         3
 Stone Arrow              Conj/Erth      0%         3d7       71%         3
 Cause Fear               Hex            0%         N/A       98%         4
 Dispel Undead            Necr           0%         3d6       98%         4
 Agony                    Necr           0%         N/A       100%        5
 Silence                  Hex/Air        0%         N/A       100%        5
 Death Channel            Necr           0%         N/A       100%        6
 Dragon Form              Tmut           0%         N/A       100%        7
 Dragon's Call            Summ           0%         N/A       100%        9


Dungeon Overview and Level Annotations

Branches:
Dungeon (7/15)             Temple (1/1) D:4           Sewer (visited)

Altars:
Ashenzari
Cheibriados
Dithmenos
Elyvilon
Fedhas
Gozag
Kikubaaqudgha
Makhleb
Nemelex Xobeh
Okawaru
Qazlal
Sif Muna
Trog
Uskayaw
Vehumet
Wu Jian
Xom
Yredelemnul
Zin
The Shining One

Shops:
D:1 !   D:4 =

Annotations:
D:6 3 runed translucent doors


Innate Abilities, Weirdness & Mutations

You are small and have problems with some larger weapons.
You are completely attuned to the shadows.


Message History

Dowan says, "My weaknesses are her strengths!"
Dowan gestures wildly while chanting.
Dowan blinks!
Dowan attacks as you move away! Dowan misses you.
Found a dagger.
Dowan mumbles some strange words.
Dowan blinks!
Fire: h) +5 arbalest (vorpal)
Press: ? - help, Q - select action, (/) - cycle Shift-Dir - straight line, f - Dowan
Aim: Dowan, wielding a +0 dagger and wearing a +0 robe (inner flame, ally target, 63% to hit)
You shoot a bolt. The bolt hits Dowan!!
Flame seeps out of Dowan.
Dithmenos accepts your kill.
You hear a distant scream of rage.
Dowan explodes!
Duvessa goes berserk!
Your butterfly is engulfed in blazing flames.
You kill your butterfly!
Your butterfly disappears in a burst of colours!
Duvessa hits you with a +0 short sword! Duvessa completely misses you.
Duvessa attacks as you move away! Duvessa misses you.
Duvessa completely misses you.
Fire: h) +5 arbalest (vorpal)
Press: ? - help, Q - select action, (/) - cycle Shift-Dir - straight line, f - Duvessa
Aim: Duvessa, wielding a +0 short sword and wearing a +0 ring mail (moderately wounded, berserk, inner flame, umbra, 76% to hit)
You shoot a bolt. The bolt hits Duvessa.
Flame seeps out of Duvessa. x2
Duvessa is heavily wounded.
Duvessa is engulfed in blazing flames.
Flame seeps out of Duvessa.
Duvessa misses you.
Duvessa is engulfed in blazing flames.
Flame seeps out of Duvessa.
Duvessa barely misses you.
Duvessa is engulfed in blazing flames.
Flame seeps out of Duvessa.
Fire: h) +5 arbalest (vorpal)
Press: ? - help, Q - select action, (/) - cycle Shift-Dir - straight line, f/p - Duvessa
Aim: Duvessa, wielding a +0 short sword and wearing a +0 ring mail (almost dead, berserk, inner flame, umbra, 76% to hit)
You shoot a bolt. The bolt hits Duvessa.
Dithmenos accepts your kill.
Duvessa explodes!
The fiery explosion engulfs you!!
Ouch! That really hurt!
You die... ####.##### ##'## #..bbb #.# #.# #b.eb #.# #.# bbb

#.# ##.## #e#
###...## #.#
...°b..#######.#
##)§.°.........#
#.§§###########
###@# #.# #.#
#)# #.#


There were no monsters in sight!

Vanquished Creatures
  Maggie (D:6)
  A water moccasin (D:6)
  Duvessa (D:7)
  A sky beast (D:6)
  2 ice beasts (D:6)
  An ogre (D:4)
  2 kobold brigands (Sewer)
  A bullfrog (D:6)
  A necrophage (D:6)
  Dowan (D:7)
  A howler monkey (D:5)
  2 jellies
  4 hounds
  3 iguanas
  5 orc wizards
  A river rat (Sewer)
  5 adders
  A shadow imp (D:5)
  3 white imps
  2 ufetubi (D:5)
  3 worms
  2 dart slugs
  13 orcs
  3 ball pythons (D:2)
  5 endoplasms
  7 giant cockroaches
  7 hobgoblins
  6 jackals
  5 quokkas
  7 bats
  2 frilled lizards (D:3)
  7 goblins
  9 kobolds
  11 rats
126 creatures vanquished.

Notes
Turn   | Place    | Note
-------+----------+-------------------------------------------
     0 | D:1      | purpskrrrp the Kobold Hunter began the quest for the Orb.
     0 | D:1      | Reached XP level 1. HP: 12/12 MP: 1/1
   152 | D:1      | Reached XP level 2. HP: 17/17 MP: 2/2
   180 | D:2      | Reached skill level 6 in Ranged Weapons
   275 | D:3      | Reached XP level 3. HP: 21/21 MP: 3/3
   470 | D:3      | Identified a scroll of acquirement
   470 | D:3      | Acquired a +3 vorpal arbalest
  1131 | D:1      | Found Nuqov's Distillery.
  1525 | D:2      | Reached skill level 7 in Ranged Weapons
  1566 | D:2      | Reached XP level 4. HP: 26/26 MP: 4/4
  2259 | D:3      | Reached XP level 5. HP: 28/30 MP: 5/5
  2394 | D:3      | Reached skill level 8 in Ranged Weapons
  2563 | D:4      | Noticed an ogre
  2658 | D:4      | HP: 1/30 [ogre/+0 giant club (29)]
  2661 | D:4      | Killed an ogre
  2662 | D:4      | Reached skill level 9 in Ranged Weapons
  2662 | D:4      | Reached XP level 6. HP: 2/35 MP: 6/6
  2801 | D:4      | Found Vueg's Jewellery Boutique.
  2854 | D:4      | Found a glowing golden altar of the Shining One.
  3288 | D:4      | Found a staircase to the Ecumenical Temple.
  3301 | Temple   | Entered the Ecumenical Temple
  3554 | Temple   | Became a worshipper of Dithmenos the Shadowed
  3910 | D:5      | Entered Level 5 of the Dungeon
  4144 | D:5      | Reached skill level 10 in Ranged Weapons
  4326 | D:5      | Reached XP level 7. HP: 40/40 MP: 7/7
  5010 | D:6      | Found a glowing drain.
  5021 | Sewer    | Entered a sewer
  5098 | Sewer    | Reached skill level 11 in Ranged Weapons
  5101 | Sewer    | Reached XP level 8. HP: 43/44 MP: 8/8
  5101 | Sewer    | Reached * piety under Dithmenos
  5125 | Sewer    | Found a white marble altar of Elyvilon.
  5321 | D:6      | Found a white marble altar of Elyvilon.
  5355 | D:6      | Found a runed translucent gate.
  5355 | D:6      | Found a runed translucent gate.
  5355 | D:6      | Found a runed translucent gate.
  5481 | D:6      | Found an opulent altar of Gozag.
  5559 | D:6      | Noticed Maggie
  5566 | D:6      | Killed Maggie
  5567 | D:6      | Reached skill level 12 in Ranged Weapons
  5567 | D:6      | Reached skill level 5 in Dodging
  5567 | D:6      | Reached skill level 5 in Stealth
  5708 | D:6      | Reached XP level 9. HP: 48/48 MP: 9/9
  6078 | D:6      | Found a glowing silver altar of Zin.
  6368 | D:7      | Noticed Duvessa
  6368 | D:7      | Noticed Dowan
  6383 | D:7      | Killed Dowan
  6393 | D:7      | Killed Duvessa
  6393 | D:7      | Killed by an exploding Duvessa... ignited by their inner
                  | flame

Illustrated notes

Levels and vault maps discovered:
D:1:      sevenhm_arrival_forest_fort_large_2, layout_basic, serial_shops,
          shop_statue, minmay_misc_feat_rugged, kennysheep_nondescript,
          st_stairs_12
D:2:      layout_loops_ring
D:3:      layout_rooms
D:4:      layout_basic, nicolae_tso_carved_into_rock,
          minmay_temple_entry_offerings, serial_shops, nicolae_diamond_shop
D:5:      layout_loops_corners, nrook_campfire
D:6:      layout_layer_cave, mainiacjoe_overflow_divided_tiny,
          ebering_ghost_gozag, portal_sewer_entry_f,
          hangedman_decor_diamond_cutter, uniq_maggie
D:7:      layout_loops_corners, corexii_checkpoint_a, uniq_duvessa
Temple:   nicolae_temple_bog_church

Skill      XL: |  1  2  3  4  5  6  7  8  9 |
---------------+----------------------------+-----
Ranged Weapons | 6 7 9 10 11 12 | 12.8
Stealth        | 3 5 6 |  6.4
Dodging        | 3 5 |  5.8
Fighting       | |  2.1

Action                   |  1- 3 |  4- 6 |  7- 9 || total
-------------------------+-------+-------+-------++-------
 Fire: Shortbow          |    53 |       |       ||    53
       Arbalest          |    17 |    74 |   103 ||   194
  Use: Scroll            |     1 |     9 |     3 ||    13
       Potion            |       |       |     2 ||     2
Armor: Leather armour    |     5 |    10 |     8 ||    23
Dodge: Dodged            |    16 |    28 |    41 ||    85

Table legend: (Time is in decaauts)
 A = Elapsed time spent in this place.
 B = Non-inter-level travel time spent in this place.
 C = Inter-level travel time spent in this place.
 D = Time resting spent in this place.
 E = Time spent auto-exploring this place.
 F = Levels seen in this place.
 G = Mean time per level.
                   A        B        C        D        E       F      G
               +--------+--------+--------+--------+--------+-----+--------+
         Total |   6523 |   6218 |    305 |    355 |   4914 |   9 |  724.8 |
       Dungeon |   6049 |   5750 |    299 |    355 |   4597 |   7 |  864.1 |
        Temple |    274 |    268 |      6 |      0 |    245 |   1 |  274.0 |
         Sewer |    199 |    199 |      0 |      0 |     71 |   1 |  199.0 |
               +--------+--------+--------+--------+--------+-----+--------+

Top non-repeatable levels by time:
     D:4: 1138 daAuts
     D:6: 1136 daAuts
     D:1: 1101 daAuts
     D:5: 1062 daAuts
     D:2: 776 daAuts
     D:3: 724 daAuts
  Temple: 274 daAuts
   Sewer: 199 daAuts
     D:7: 109 daAuts
